 Dungeon Crawl Stone Soup version 0.21.0-3-g78d12a8 (console) character file.

67 removed the Conjurer (level 4, 0/33 HPs)
             Began as a Centaur Wizard on Jan 11, 2018.
             Slain by an iguana (11 damage)
             ... on level 4 of the Dungeon.
             The game lasted 00:03:09 (2811 turns).

removed the Conjurer (Centaur Wizard)               Turns: 2811, Time: 00:03:10

Health: 0/33       AC:  4    Str: 10    XL:     4   Next: 0%
Magic:  1/7        EV:  9    Int: 18    God:
Gold:   63         SH:  0    Dex:  7    Spells: 6/7 levels left

rFire    . . .     SeeInvis .   a - +0 short sword
rCold    . . .     Gourm    .   (no shield)
rNeg     . . .     Faith    .   i - +0 robe
rPois    .         Spirit   .   b - +0 hat
rElec    .         Reflect  .   (no cloak)
rCorr    .         Harm     .   (no gloves)
MR       .....                  (no barding)
Stlth    +.........             (no amulet)
HPRegen  0.11/turn              (no ring)
MPRegen  0.10/turn              (no ring)

@: very slightly contaminated, very quick
A: large, hooves 3, deformed body, speed 2, tough skin 3
a: no special abilities


You were on level 4 of the Dungeon.
You were not hungry.

You visited 1 branch of the dungeon, and saw 3 of its levels.

You collected 63 gold pieces.

Inventory:

Hand Weapons
 a - a +0 short sword (weapon)
 e - a +0 club
Missiles
 l - 5 curare-tipped needles
Armour
 b - a +0 hat (worn)
 i - a +0 robe (worn)
Scrolls
 h - 2 scrolls of teleportation {unknown}
Potions
 g - a potion of haste {unknown}
 j - a potion of curing
 m - a potion of heal wounds {unknown}
 n - a potion of ambrosia {unknown}
Books
 c - a book of Minor Magic

   Spells                             Type                      Level
   a - Magic Dart                     Conjuration                  1
   b - Blink                          Translocation                2
   c - Call Imp                       Summoning                    2
   d - Slow                           Hexes                        2
   e - Conjure Flame                  Conjuration/Fire             3
   f - Mephitic Cloud                 Conjuration/Poison/Air       3
Comestibles
 d - 4 rations


   Skills:
 - Level 1.3 Dodging
 - Level 1.1 Stealth
 - Level 2.4 Spellcasting
 + Level 3.5 Conjurations
   Level 0.8 Summonings
   Level 0.8 Translocations


You had 6 spell levels left.
You knew the following spells:

 Your Spells              Type           Power        Failure   Level  Hunger
a - Magic Dart            Conj           ##..         4%          1    #......


Dungeon Overview and Level Annotations

Branches:
Dungeon (2/15)

Altars:
Cheibriados
Sif Muna
Xom


Innate Abilities, Weirdness & Mutations

You have hooves in place of feet.
Armour fits poorly on your strangely shaped body.
You cover ground very quickly.
You have extremely tough skin. (AC +3)


Message History

The orc wizard closely misses you.
Unknown command.
You barely miss the orc wizard.
The orc wizard is heavily wounded.
The orc wizard gestures wildly while chanting.
The orc wizard blinks!
The orc hits you with a short sword. The orc misses you.
The orc wizard casts a spell.
The orc wizard blinks!
Unknown command.
You barely miss the iguana. The orc hits you but does no damage. x2
The iguana bites you!
A jackal comes into view.
You closely miss the iguana. The orc hits you but does no damage.
The orc barely misses you. The iguana bites you!
The orc hits you but does no damage.
Unknown command.
Unknown command.
You hit the iguana but do no damage. Your kick misses the iguana.
The orc completely misses you. The iguana bites you!
You die...

#..#.####
##.#......##
#..h.......##
#...........# .
#.$.........#
...###...........#
......oo.........#
.....ll@.........#
<...oZ##........##
o.... #..........#
.... #..........#
... #.........>#
.. #..........# .
#..........#
##........##
#.......##


You could see 2 iguanas, an orc priest, an orc wizard, 2 orcs, a jackal and a
howler monkey skeleton.

Vanquished Creatures
  An adder (D:4)
  An ooze (D:1)
  A worm (D:2)
  2 dart slugs
  4 orcs (D:2)
  A giant cockroach (D:1)
  4 goblins
  6 hobgoblins
  2 quokkas
  4 bats (D:1)
  8 kobolds
  A leopard gecko skeleton (D:4)
  5 rats
40 creatures vanquished.

Notes
Turn   | Place    | Note
-------+----------+-------------------------------------------
     0 | D:1      | removed the Centaur Wizard began the quest for the Orb.
     0 | D:1      | Reached XP level 1. HP: 14/14 MP: 3/3
    82 | D:1      | Reached skill level 1 in Conjurations
   386 | D:1      | Reached XP level 2. HP: 5/20 MP: 0/5
   761 | D:1      | Reached skill level 2 in Conjurations
  1629 | D:1      | Reached XP level 3. HP: 26/26 MP: 3/6
  1925 | D:2      | Reached skill level 3 in Conjurations
  2187 | D:2      | Found a snail-covered altar of Cheibriados.
  2288 | D:2      | Found a deep blue altar of Sif Muna.
  2579 | D:2      | Found a shimmering altar of Xom.
  2579 | D:2      | Found a shimmering altar of Xom.
  2583 | D:2      | Found a shimmering altar of Xom.
  2584 | D:2      | Found a shimmering altar of Xom.
  2584 | D:2      | Found a shimmering altar of Xom.
  2584 | D:2      | Found a shimmering altar of Xom.
  2610 | D:2      | Found a shimmering altar of Xom.
  2612 | D:2      | You fall through a shaft for 2 floors!
  2676 | D:4      | Reached XP level 4. HP: 12/33 MP: 0/7
  2811 | D:4      | Slain by an iguana

Skill      XL: |  1  2  3 |
---------------+----------+-----
Conjurations   | 1 2 3 |  3.5
Dodging        | |  1.3
Stealth        | |  1.1
Spellcasting   | |  2.4
Summonings     | |  0.8
Translocations | |  0.8

Action                   |  1- 3 |  4- 6 || total
-------------------------+-------+-------++-------
Melee: Club              |    21 |       ||    21
       Kick              |    11 |       ||    11
       Unarmed           |     2 |       ||     2
       Short sword       |    47 |     5 ||    52
 Cast: Magic Dart        |    88 |     7 ||    95
  Use: Potion            |       |     1 ||     1
  Eat: Chunk             |     5 |     1 ||     6
Armor: Robe              |    26 |     4 ||    30
Dodge: Dodged            |    28 |     4 ||    32
